Map: Lost and Found LE

Players

Aclick - Winner!

  • Race: Zerg Zerg
  • League: Diamond
  • Spawn Location: 1:00

Jice

  • Race: Protoss Protoss
  • League: Diamond
  • Spawn Location: 7:00

VOD

Have the link to the VOD?

Description

Time

  • Played on: Sept. 5, 2018, 1:17 p.m.
  • Length: 6:04
Show
View Real Time Build Order
Export as new Build Order

Aclick Zerg - Winner!

Build Orders: Hatch First 

Get SALT Encoding   

  12  0:01  Drone  
  13  0:10  Drone  
  14  0:17  Extractor, Drone  
  14  0:33  Extractor  
  14  0:34  Drone  
  16  0:56  Hatchery  
  15  0:58  Extractor  
  15  1:03  Spawning Pool  
  13  1:04  Drone  
  14  1:12  Extractor, Drone  
  14  1:17  Overlord  
  15  1:51  Zergling x6  
  18  2:00  Metabolic Boost  
  18  2:06  Zergling x2  
  19  2:14  Queen, Spine Crawler  
  20  2:15  Spine Crawler  
  19  2:29  Zergling x6  
  22  2:31  Drone  
  23  2:39  Drone  
  24  2:52  Spine Crawler, Drone  
  24  3:04  Drone x2  
  26  3:07  Zergling x2, Spore Crawler  
  26  3:17  Overlord  
  26  3:30  Spore Crawler  
  26  3:32  Spore Crawler  
  24  3:44  Drone x2  
  24  3:45  Drone  
  27  3:57  Drone  
  28  4:06  Spine Crawler  
  28  4:09  Spine Crawler  
  26  4:12  Spore Crawler  
  26  4:16  Spore Crawler, Drone x3  
  27  4:25  Spine Crawler  
  26  4:55  Extractor  
  22  5:11  Drone x3  
  22  5:13  Drone  
  22  5:14  Drone x2  
  28  5:15  Queen  
  28  5:50  Drone  
  28  5:51  Drone x2  
Show
View Real Time Build Order
Export as new Build Order

Jice Protoss 

Build Orders:  

Get SALT Encoding   

  1  0:00  Probe  
  13  0:07  Probe  
  14  0:17  Probe  
  15  0:23  Pylon  
  15  0:41  Probe  
  16  0:44  Forge  
  16  1:02  Pylon  
  16  1:24  Gateway  
  16  1:25  Probe  
  16  1:31  Assimilator  
  17  1:33  Probe  
  17  1:35  Photon Cannon  
  17  1:37  Gateway  
  18  1:50  Photon Cannon  
  18  1:54  Probe  
  19  2:07  Probe  
  20  2:15  Pylon  
  20  2:16  Assimilator  
  20  2:19  Probe  
  21  2:24  Cybernetics Core  
  21  2:42  Gateway  
  21  2:44  Probe  
  22  2:53  Assimilator  
  21  3:00  Pylon  
  21  3:03  Robotics Facility  
  21  3:08  Shield Battery  
  21  3:13  Adept  
  23  3:21  Shield Battery  
  23  3:28  Warp Gate  
  23  3:30  Adept  
  25  3:56  Pylon  
  25  4:03  Adept  
  25  4:04  Photon Cannon  
  25  4:07  Warp Prism  
  23  5:09  Adept  
  25  5:42  Probe  
Tags
 
Add a new tag
Caveats
  • Supply blocks, unpowered buildings, or Contaminate may cause inaccurate times.
  • Supply counts are checked every 10 seconds.